 Dungeon Crawl Stone Soup version 0.27.1-1-g398f81649c (webtiles) character file.

Game seed: 11112133916784463499

764 pkoi the Grappler (level 7, -11/66 HPs)
             Began as a Troll Monk on Sept 14, 2021.
             Mangled by an ogre (33 damage)
             ... on level 5 of the Dungeon.
             The game lasted 00:03:10 (2905 turns).

pkoi the Grappler (Troll Monk)                      Turns: 2905, Time: 00:03:10

Health: -11/66     AC:  5    Str: 22    XL:     7   Next: 51%
Magic:  6/6        EV: 10    Int:  6    God:
Gold:   198        SH:  0    Dex: 12    Spells: 6/6 levels left

rFire    . . .     SeeInvis .     - Unarmed
rCold    . . .     Faith    .   (no shield)
rNeg     . . .     Spirit   .   a - +0 robe
rPois    .         Reflect  .   (helmet restricted)
rElec    .         Harm     .   b - +0 cloak
rCorr    .         Rampage  .   (gloves unavailable)
Will     +....                  (boots unavailable)
Stlth    ++........             (no amulet)
HPRegen  1.21/turn              j - ring of willpower
MPRegen  0.10/turn              (no ring)

@: no status effects
A: large, unfitting armour, claws 3, regeneration 1, shaggy fur 1, tough skin 1
a: no special abilities


You were on level 5 of the Dungeon.
You visited 1 branch of the dungeon, and saw 5 of its levels.

You collected 198 gold pieces.

Inventory:

Missiles
 n - 14 poisoned darts (quivered)
Armour
 a - a +0 robe (worn)
 b - a +0 cloak (worn)
Jewellery
 j - a ring of willpower (left claw)
Scrolls
 c - a scroll of fear {unknown}
 d - a scroll of identify {unknown}
 h - a scroll of teleportation {unknown}
 i - a scroll of enchant weapon {unknown}
 m - a scroll of magic mapping {unknown}
 o - a scroll of enchant armour {unknown}
Potions
 e - 2 potions of degeneration {unknown}
 f - a potion of mutation {unknown}
 g - 5 potions of curing {unknown}
 k - 2 potions of might {unknown}
 l - 2 potions of lignification {unknown}


   Skills:
 - Level 2.4 Fighting
 - Level 2.4 Dodging
 - Level 1.0 Stealth
 + Level 9.0 Unarmed Combat


You had 6 spell levels left.
You didn't know any spells.
Your spell library contained the following spells:

 Spells                   Type           Power      Damage    Failure   Level
 Ensorcelled Hibernation  Hex/Ice        0%         N/A       58%         2
 Slow                     Hex            0%         N/A       58%         2
 Confusing Touch          Hex            0%         N/A       83%         3
 Gell's Gravitas          Tloc           0%         N/A       83%         3
 Spider Form              Tmut/Pois      0%         N/A       83%         3
 Teleport Other           Tloc           0%         N/A       83%         3
 Yara's Violent Unravell  Hex/Tmut       0%         3d3       100%        5
 Dispersal                Tloc           0%         N/A       100%        6
 Shadow Creatures         Summ           N/A        N/A       100%        6


Dungeon Overview and Level Annotations

Branches:
Dungeon (5/15)
 Temple: D:4-7

Altars:
Yredelemnul


Innate Abilities, Weirdness & Mutations

You are too large for most types of armour.
You have claws for hands.
Your natural rate of healing is unusually fast.
You are covered in fur. (AC +1)
You have tough skin. (AC +1)


Message History

The orc priest looks encouraged for a moment.
The orc shouts!
You mangle the orc priest!!
You kill the orc priest!
Found a scroll labelled EFEUXIF YDUCW.
The ogre barely misses you.
Items here: ) ? [ †.
Unknown command.
You see here 7 gold pieces.
You now have 198 gold pieces (gained 7).
The orc wizard hits you but does no damage.
You barely miss the orc wizard. The orc wizard barely misses you.
You scratch the orc wizard.
The orc wizard is lightly wounded.
You closely miss the orc wizard.
The orc wizard is lightly wounded.
The orc wizard closely misses you.
You claw the orc wizard!
You kill the orc wizard!
You claw the ogre!
The ogre is moderately wounded.
The ogre barely misses you.
You claw the ogre!
The ogre is severely wounded.
The ogre hits you with a +0 giant spiked club!!
Ouch! That really hurt!
* * * LOW HITPOINT WARNING * * *
You claw the ogre!
You kill the ogre!
Your Unarmed Combat skill increases to level 9!
Unknown command.
You scratch the ogre but do no damage. The ogre barely misses you.
You barely miss the ogre. The ogre hits you with a +0 giant club!
* * * LOW HITPOINT WARNING * * *
You scratch the ogre. You claw the ogre, but do no damage.
The ogre is lightly wounded.
You claw the ogre!
The ogre is heavily wounded.
The ogre hits you with a +0 giant club!!
Ouch! That really hurt!
You die...

..P≈≈≈≈♣≈♣..P# .......
....≈♣≈≈..P..# ##.......
)....≈P..♣..####........
..P..♣..................
.###.###....##..).......
.# #............##......
## ####....##..## ##.##
#........####
#.###.##oO@.# #.
#..#####.# #...[## .#
..### .. ..# ..# ... ...


You could see an ogre and an orc.

Vanquished Creatures
  Sigmund (D:3)
  A water moccasin (D:4)
  An ogre (D:5)
  A scorpion (D:4)
  A water moccasin skeleton (D:4)
  A crimson imp (D:4)
  An orc priest (D:5)
  A bullfrog skeleton (D:3)
  4 orc wizards
  3 gnolls (D:5)
  2 white imps
  3 worms
  2 dart slugs (D:2)
  3 orcs (D:4)
  4 endoplasms
  2 giant cockroaches
  5 goblins
  14 hobgoblins
  5 jackals
  5 ball pythons
  4 bats
  4 frilled lizards
  6 kobolds
  6 rats
80 creatures vanquished.

Notes
Turn   | Place    | Note
-------+----------+-------------------------------------------
     0 | D:1      | pkoi the Troll Monk began the quest for the Orb.
     0 | D:1      | Reached XP level 1. HP: 22/22 MP: 0/0
   141 | D:1      | Reached XP level 2. HP: 29/29 MP: 1/1
   248 | D:1      | Found a faded altar of an unknown god.
   399 | D:1      | Reached skill level 4 in Unarmed Combat
   985 | D:2      | Reached XP level 3. HP: 36/36 MP: 2/2
  1340 | D:3      | Reached skill level 5 in Unarmed Combat
  1340 | D:3      | Reached XP level 4. HP: 35/44 MP: 3/3
  1589 | D:3      | Noticed Sigmund
  1598 | D:3      | Killed Sigmund
  1599 | D:3      | Reached skill level 6 in Unarmed Combat
  1599 | D:3      | Reached XP level 5. HP: 43/50 MP: 4/4
  1971 | D:4      | Reached skill level 7 in Unarmed Combat
  1971 | D:4      | Reached XP level 6. HP: 48/59 MP: 5/5
  2020 | D:4      | Found a basalt altar of Yredelemnul.
  2403 | D:4      | Noticed a water moccasin
  2408 | D:4      | Killed a water moccasin
  2409 | D:4      | Reached skill level 8 in Unarmed Combat
  2409 | D:4      | Reached XP level 7. HP: 34/66 MP: 6/6
  2824 | D:5      | Entered Level 5 of the Dungeon
  2902 | D:5      | Reached skill level 9 in Unarmed Combat
  2905 | D:5      | Mangled by an ogre

Illustrated notes

Levels and vault maps discovered:
D:1:      dpeg_arrival_round_a, layout_basic, basic_ecumenical_altar
D:2:      layout_basic, serial_curves, eino_curves_02, eino_curves_02,
          eino_curves_03
D:3:      layout_loops_ring, uniq_sigmund
D:4:      layout_basic, mainiacjoe_overflow_cross_hatched, st_stairs_4,
          minmay_fire_ice_demons
D:5:      layout_rooms, lemuel_crystal_altar, mainiacjoe_overflow_swirl,
          ebering_ghost_reflecting_pool, serial_bayou_pond_a

Skill      XL: |  1  2  3  4  5  6  7 |
---------------+----------------------+-----
Unarmed Combat | 4 5 6 7 8 9 |  9.0
Fighting       | |  2.4
Dodging        | |  2.4
Stealth        | |  1.0

Action                   |  1- 3 |  4- 6 |  7- 9 || total
-------------------------+-------+-------+-------++-------
Melee: Unarmed           |    77 |    63 |    38 ||   178
       Punch             |     2 |     3 |     3 ||     8
  Use: Potion            |       |     1 |       ||     1
 Stab: Sleeping          |     3 |       |       ||     3
Armor: Robe              |    24 |    20 |     5 ||    49
Dodge: Dodged            |    28 |    19 |    13 ||    60
